 Dungeon Crawl Stone Soup version 0.22-a0-240-g539252a (webtiles) character file.

66021 Amnesiac the Fetichist (level 14, -11/72 HPs)
             Began as a Spriggan Artificer on Feb 21, 2018.
             Was an Initiate of Gozag.
             Killed from afar by a deep elf mage (20 damage)
             ... with a bolt of lightning
             ... on level 3 of the Elven Halls.
             The game lasted 01:15:59 (24429 turns).

Amnesiac the Fetichist (Spriggan Artificer)        Turns: 24429, Time: 01:16:00

Health: -11/72     AC: 11    Str: 12    XL:     14   Next: 77%
Magic:  0/28       EV: 29    Int: 13    God:    Gozag
Gold:   2251       SH:  9    Dex: 17    Spells: 6/13 levels left

rFire    . . .     SeeInvis +   P - +1 scimitar (flame)
rCold    + . .     Gourm    .   L - +0 buckler
rNeg     + . .     Faith    .   t - +2 robe {rN+}
rPois    .         Spirit   +   c - +0 hat
rElec    .         Reflect  .   B - +2 cloak {MR+}
rCorr    .         Harm     .   (gloves unavailable)
MR       +++..                  (boots unavailable)
Stlth    +++++.....             h - amulet of guardian spirit
HPRegen  0.22/turn              O - +4 ring of protection
MPRegen  0.21/turn              D - ring of protection from cold

@: gold aura, very quick
A: very small, unfitting armour, see invisible, herbivore, speed 3, slow
metabolism 2
a: Potion Petition, Call Merchant, Bribe Branch, Renounce Religion


You were on level 3 of the Elven Halls.
You worshipped Gozag.
Gozag was most pleased with you.
You were not hungry.

You visited 4 branches of the dungeon, and saw 18 of its levels.
You also visited: Ice Cave.

You collected 5964 gold pieces.
You spent 1835 gold pieces at shops.
You paid 1878 gold pieces to Gozag.

Inventory:

Hand Weapons
 a - a +4 dagger of chaos
 i - a +0 blowgun
 k - a +1 dagger of electrocution
 m - the +4 dagger of a wizard's laboratory {pierce, +Blink Dex+3}
   (You bought it in a shop on level 1 of the Elven Halls)

   It inflicts extra damage upon your enemies.
   It affects your dexterity (+3).
   It lets you blink.
 P - a +1 scimitar of flaming (weapon)
Missiles
 l - 23 poisoned needles
 n - 6 needles of paralysis
 T - 3 throwing nets
 W - 7 tomahawks of returning (quivered)
Armour
 c - a +0 hat (worn)
 t - a +2 robe of positive energy (worn)
 B - a +2 cloak of magic resistance (worn)
 L - a +0 buckler (worn)
Jewellery
 h - an amulet of guardian spirit (around neck)
 w - an uncursed ring of stealth
 x - a +2 ring of slaying
 D - a ring of protection from cold (right hand)
 O - a +4 ring of protection (left hand)
Wands
 d - a wand of enslavement (27)
 y - a wand of paralysis (19)
 A - a wand of iceblast (5)
 C - a wand of polymorph (16)
 E - a wand of scattershot (3)
Scrolls
 e - a scroll of identify {!r}
 j - a scroll of enchant armour {!r}
 o - a scroll of teleportation {!r}
 p - 5 scrolls of fog {!r}
 u - 4 scrolls of enchant weapon {!r}
 v - 5 scrolls of magic mapping {!r}
 F - 9 scrolls of remove curse {!r}
 G - a scroll of amnesia {!r}
 J - 2 scrolls of blinking {!r}
 K - 3 scrolls of immolation {!r}
 R - a scroll of summoning {!r}
 Y - 3 scrolls of silence {!r}
Potions
 b - 2 potions of magic {!q}
 g - 5 potions of curing {!q}
 q - 2 potions of brilliance {!q}
 r - 2 potions of mutation {!q}
 s - a potion of might {!q}
 z - 2 potions of agility {!q}
 M - 2 potions of cancellation {!q}
 Z - a potion of resistance {!q}
Comestibles
 f - 20 rations


   Skills:
 + Level 7.7 Fighting
 - Level 1.1(10.1) Short Blades
 - Level 12.0 Long Blades
 + Level 12.8 Dodging
 + Level 12.5 Stealth
 - Level 9.0 Shields
 * Level 18.5 Evocations


You had 6 spell levels left.
You knew the following spells:

 Your Spells              Type           Power        Failure   Level  Hunger
a - Summon Butterflies    Summ           #.......     30%         1    ##.....
b - Spectral Weapon       Hex/Chrm       #.......     67%         3    ####...
r - Regeneration          Chrm/Necr      #.........   67%         3    ####...


Dungeon Overview and Level Annotations

Branches:
Dungeon (12/15)            Temple (1/1) D:4            Lair (0/6) D:11
    Orc (2/2) D:12            Elf (3/3) Orc:2

Altars:
Cheibriados
Elyvilon
Gozag
Hepliaklqana
Kikubaaqudgha
Nemelex Xobeh
Okawaru
Qazlal
Ru
Trog
Vehumet
Wu Jian
Xom
Yredelemnul
Zin
Beogh

Shops:
Orc:2 [*!(   Elf:1 (

Portals:
Trove: Elf:2 (give 7 scrolls of blinking)

Annotations:
Elf:2 exclusion: 3 doors


Innate Abilities, Weirdness & Mutations

You are very small and have problems with some larger weapons.
You are too small for most types of armour.
You have supernaturally acute eyesight. (SInv)
You are a herbivore.
You cover ground extremely quickly.
You need consume almost no food.


Message History

The deep elf mage completely misses you.
You riposte.
You barely miss the deep elf mage.
The deep elf mage is lightly wounded.
The deep elf archer hits you with an uncursed short sword.
* * * LOW HITPOINT WARNING * * *
You closely miss the deep elf archer.
The deep elf archer is severely wounded.
The deep elf mage completely misses you.
The deep elf archer misses you.
You riposte.
You miss the deep elf archer.
The deep elf archer is severely wounded.
You barely miss the deep elf archer.
The deep elf archer is severely wounded.
The deep elf archer is distracted by the nearby gold.
You catch the helpless deep elf archer completely off-guard!
You slash the deep elf archer! You burn the deep elf archer.
The deep elf archer is no longer distracted by gold.
The deep elf archer is almost dead.
The deep elf mage misses you.
You miss the deep elf archer.
The deep elf archer is almost dead.
The deep elf archer completely misses you.
The deep elf mage completely misses you.
You riposte.
You hit the deep elf mage. You burn the deep elf mage.
The deep elf mage is lightly wounded.
You closely miss the deep elf archer.
The deep elf archer is almost dead.
The deep elf archer blinks!
You closely miss the deep elf mage.
The deep elf mage is lightly wounded.
You block the deep elf mage's attack.
You barely miss the deep elf mage.
The deep elf mage is lightly wounded.
The deep elf mage casts a spell.
The deep elf mage blinks!
The deep elf archer unwields an uncursed short sword.
The deep elf archer wields an uncursed shortbow.
The deep elf archer shoots an arrow.
The arrow misses you.
Things that are here:
5 gold pieces; a dagger; a leather armour You block the deep elf mage's attack.
Things that are here:
7 gold pieces; 2 arrows; a long sword You slash the deep elf mage!
You burn the deep elf mage.
The deep elf mage is moderately wounded.
You block the deep elf mage's attack.
The deep elf archer is distracted by the nearby gold.
The deep elf archer shouts!
You slash the deep elf mage! You burn the deep elf mage.
The deep elf mage is severely wounded.
The deep elf archer is no longer distracted by gold.
The deep elf mage hits you but does no damage.
You closely miss the deep elf mage.
The deep elf mage is severely wounded.
You slash the deep elf mage! You burn the deep elf mage.
The deep elf mage is almost dead.
The deep elf mage casts a spell at you. The bolt of lightning hits you!
* * * LOW HITPOINT WARNING * * *
You closely miss the deep elf mage.
The deep elf mage is almost dead.
The deep elf mage gestures at you while chanting.
The bolt of lightning hits you!
You die...
Your body crumbles into a pile of gold.

#...# ##########...# .#.. #...
#...# ..#.. # #...#...#.. # #
########...#...#.. # ..
...........#...#.. # ...
...........#...#.. # ..
...........+...#.. #
.########'############'#...#.. #
......|......@e...e........#..
#.. .............$$....[(.....#..
# .. .........................#..
######+########################..
.................................
......................<..........
.................................
#############################'###
# ......................


You could see a deep elf archer and a deep elf mage.

Vanquished Creatures
  An Ice Fiend (IceCv)
  A stone giant (Orc:2)
  A deep elf annihilator (Elf:1)
  Erolcha (Orc:1)
  A hydra (D:11)
  Harold (Orc:1)
  Erica (D:8)
  2 two-headed ogres
  2 orc high priests (Orc:2)
  10 deep elf knights
  An unseen horror (D:12)
  6 deep elf archers
  4 orc knights (Orc:2)
  2 ugly things
  39 deep elf magi
  4 orc sorcerers (Orc:2)
  A cyclops (D:11)
  A manticore (D:12)
  A black mamba (shapeshifter) (Elf:3)
  Psyche (D:11)
  An ice statue (IceCv)
  A gargoyle (D:11)
  A yaktaur (D:11)
  A kobold demonologist (D:11)
  A golden dragon simulacrum (IceCv)
  2 anaconda simulacra (IceCv)
  4 ice devils (IceCv)
  A meliai (shapeshifter) (D:7)
  3 trolls
  A hornet (D:12)
  A wolf spider simulacrum (IceCv)
  A queen bee (D:10)
  3 hippogriffs
  4 slime creatures
  An air elemental (Elf:2)
  4 yaks
  A water elemental (Elf:3)
  3 vampires
  A human (D:7)
  3 dire elephant simulacra (IceCv)
  2 hogs (D:8)
  A wyvern (D:11)
  2 vampire mosquitoes (D:12)
  A death yak simulacrum (IceCv)
  2 harpy simulacra (IceCv)
  A swamp worm (shapeshifter) (Orc:2)
  3 iron troll simulacra (IceCv)
  2 water moccasins
  3 wargs (Orc:2)
  An acid dragon (D:12)
  2 hydra simulacra (IceCv)
  A soldier ant (D:9)
  3 sky beasts
  2 black bears
  A swamp drake (D:12)
  7 ice beasts
  19 orc warriors
  2 ettin simulacra (IceCv)
  2 necrophages
  6 ogres
  3 centaurs
  A wyvern zombie (D:8)
  5 bullfrogs
  An earth elemental (Elf:2)
  A water moccasin zombie (D:9)
  3 scorpions
  A wyvern skeleton (D:9)
  25 killer bees
  An elephant simulacrum (IceCv)
  7 wights
  3 howler monkeys
  2 crimson imps
  2 draconian simulacra (IceCv)
  A centaur zombie (D:6)
  2 bullfrog zombies
  6 jellies
  18 orc priests
  5 hounds
  4 centaur skeletons
  20 orc wizards
  A bullfrog skeleton (D:9)
  Jessica (D:3)
  3 iguanas
  Crazy Yiuf (D:3)
  Ijyb (D:5)
  A spriggan simulacrum (IceCv)
  2 troll simulacra (IceCv)
  6 worker ants
  2 polar bear simulacra (IceCv)
  2 wolf simulacra (IceCv)
  5 centaur simulacra (IceCv)
  A hound zombie (D:11)
  Robin (D:3)
  8 adders
  3 naga simulacra (IceCv)
  2 ogre simulacra (IceCv)
  2 shadow imps
  6 white imps (IceCv)
  4 ufetubi (IceCv)
  An ooze (D:7)
  2 adder skeletons
  A worm (D:1)
  3 dart slugs
  4 leopard geckos
  79 orcs
  3 giant cockroaches
  7 goblins
  9 hobgoblins
  15 jackals
  3 kobolds
  4 quokkas
  3 bats
  3 frilled lizards
  A quokka skeleton (D:6)
  5 rats
488 creatures vanquished.

Vanquished Creatures (collateral kills)
  An orc knight (Orc:2)
  A gargoyle (D:12)
2 creatures vanquished.

Vanquished Creatures (others)
  11 dancing weapons
  2 deep elf magi (D:12)
  An ugly thing (D:12)
  A cyclops (D:12)
  A sky beast (D:12)
  A bullfrog (D:12)
  A jelly (D:12)
  An orc priest (Orc:2)
  An orc wizard (D:12)
  3 white imps (IceCv)
  2 ufetubi (IceCv)
  3 orcs (D:12)
28 creatures vanquished.

Grand Total: 518 creatures vanquished

Notes
Turn   | Place    | Note
-------+----------+-------------------------------------------
     0 | D:1      | Amnesiac the Spriggan Artificer began the quest for the Orb.
     0 | D:1      | Reached XP level 1. HP: 9/9 MP: 4/4
   237 | D:3      | Found a sparkling altar of Nemelex Xobeh.
   263 | D:4      | Noticed an orc wizard
   308 | D:4      | Reached skill level 1 in Fighting
   308 | D:4      | Reached XP level 2. HP: 11/14 MP: 4/6
   497 | D:4      | Found a staircase to the Ecumenical Temple.
   503 | D:4      | Noticed a scorpion
   504 | Temple   | Entered the Ecumenical Temple
   517 | Temple   | Became a worshipper of Gozag Ym Sagoz the Greedy
  1123 | D:1      | Reached skill level 5 in Evocations
  1123 | D:1      | Reached XP level 3. HP: 18/18 MP: 7/7
  1517 | D:2      | Noticed a sky beast
  1597 | D:1      | Killed a sky beast
  1597 | D:1      | Reached skill level 6 in Evocations
  1597 | D:1      | Reached XP level 4. HP: 23/23 MP: 7/9
  1597 | D:1      | Reached XP level 5. HP: 26/26 MP: 7/10
  2259 | D:3      | Noticed Robin
  2324 | D:3      | Killed Robin
  2542 | D:3      | Noticed Jessica
  2554 | D:3      | Killed Jessica
  2561 | D:3      | Reached skill level 5 in Dodging
  2825 | D:3      | Found a runed door.
  2834 | D:3      | Noticed Crazy Yiuf
  2858 | D:3      | Killed Crazy Yiuf
  3080 | D:4      | Reached skill level 7 in Evocations
  3080 | D:4      | Reached XP level 6. HP: 31/32 MP: 10/12
  3555 | D:4      | Reached skill level 8 in Evocations
  3555 | D:4      | Reached XP level 7. HP: 34/36 MP: 11/14
  3733 | D:5      | Entered Level 5 of the Dungeon
  4170 | D:5      | Noticed Ijyb
  4214 | D:5      | Killed Ijyb
  4475 | D:5      | Reached skill level 9 in Evocations
  4779 | D:5      | Reached XP level 8. HP: 42/42 MP: 16/16
  5039 | D:6      | Reached skill level 10 in Evocations
  6686 | D:7      | Reached skill level 11 in Evocations
  7031 | D:7      | Reached XP level 9. HP: 41/46 MP: 18/18
  7240 | D:7      | Found a bloodstained altar of Trog.
  7556 | D:7      | Reached skill level 5 in Fighting
  7638 | D:8      | Noticed Erica
  7764 | D:8      | Reached skill level 12 in Evocations
  8037 | D:8      | Noticed a troll
  8037 | D:8      | a blink frog changed into a troll
  8285 | D:7      | Noticed a meliai
  8285 | D:7      | a troll changed into a meliai
  8297 | D:7      | HP: 1/47 [poisoned by a meliai]
  8301 | D:7      | Killed a meliai
  8301 | D:7      | Reached skill level 10 in Dodging
  8793 | D:8      | Reached skill level 13 in Evocations
  9111 | D:8      | Killed Erica
  9111 | D:8      | Reached XP level 10. HP: 29/53 MP: 9/21
  9809 | D:9      | Noticed a brown ugly thing
  9812 | D:9      | Killed a brown ugly thing
  9812 | D:9      | Reached skill level 1 in Shields
  9901 | D:9      | Found a hazy altar of Hepliaklqana.
 10387 | D:9      | Reached skill level 14 in Evocations
 10568 | D:10     | Entered Level 10 of the Dungeon
 12072 | D:11     | Identified a paperback manual
 12129 | D:11     | Noticed a purple ugly thing
 12168 | D:11     | Killed a purple ugly thing
 12270 | D:11     | Reached skill level 5 in Shields
 12315 | D:11     | Noticed a two-headed ogre
 12385 | D:11     | Killed a two-headed ogre
 12385 | D:11     | Reached XP level 11. HP: 46/56 MP: 17/23
 12611 | D:11     | Reached skill level 15 in Evocations
 12776 | D:11     | Noticed Psyche
 12788 | D:11     | Killed Psyche
 12810 | D:11     | Noticed a soul eater
 13043 | D:11     | Found a staircase to the Lair.
 13498 | D:11     | Noticed an eight-headed hydra
 13505 | D:11     | Killed an eight-headed hydra
 13648 | D:11     | Identified the Disquisition on the Dark Entourage
 13792 | D:12     | Noticed a deep elf mage
 13845 | D:12     | Killed a deep elf mage
 13860 | D:12     | Killed a purple ugly thing
 13879 | D:12     | Killed a deep elf mage
 14222 | D:12     | Noticed a cyan ugly thing
 14223 | D:12     | Banished a cyan ugly thing
 14515 | D:12     | Found a shimmering altar of Xom.
 14583 | D:12     | Reached skill level 16 in Evocations
 14628 | D:12     | Found a glowing silver altar of Zin.
 14908 | D:12     | Reached XP level 12. HP: 57/61 MP: 25/25
 14946 | D:12     | Got a dazzling war axe
 14947 | D:12     | Identified the +10 war axe "Ywkotadd" {freeze, rElec rC++ Str-5 Dex+2} (You found it on level 12 of the Dungeon)
 15370 | D:12     | Found a staircase to the Orcish Mines.
 15387 | D:12     | Noticed a two-headed ogre
 15415 | D:12     | Killed a two-headed ogre
 15777 | Orc:1    | Entered Level 1 of the Orcish Mines
 16044 | Orc:1    | Noticed Erolcha
 16048 | Orc:1    | Found a roughly hewn altar of Beogh.
 16054 | Orc:1    | Killed Erolcha
 16464 | Orc:1    | Noticed Harold
 16474 | Orc:1    | Killed Harold
 16551 | Orc:1    | Reached skill level 5 in Long Blades
 16916 | Orc:2    | Entered Level 2 of the Orcish Mines
 17005 | Orc:2    | Noticed a stone giant
 17110 | Orc:2    | Found a staircase to the Elven Halls.
 17933 | Orc:2    | Killed a stone giant
 18226 | Orc:2    | Noticed an orc high priest
 18234 | Orc:2    | Killed an orc high priest
 18344 | Orc:2    | Noticed an orc high priest
 18349 | Orc:2    | Reached skill level 10 in Long Blades
 18353 | Orc:2    | an orc high priest changed into a swamp worm
 18369 | Orc:2    | Noticed an orc high priest
 18372 | Orc:2    | Reached XP level 13. HP: 50/65 MP: 21/26
 18431 | Orc:2    | Found Awevatur's Distillery.
 18431 | Orc:2    | Found Iruqeas's Weapon Emporium.
 18437 | Orc:2    | Found Tuafus's Armour Boutique.
 18437 | Orc:2    | Found Zaos's General Store.
 18446 | Orc:2    | Bought a scroll of blinking for 112 gold pieces
 18446 | Orc:2    | Bought a scroll of summoning for 142 gold pieces
 18446 | Orc:2    | Bought 3 scrolls of silence for 337 gold pieces
 18446 | Orc:2    | Bought a wand of flame (37) for 292 gold pieces
 18446 | Orc:2    | Bought a wand of flame (39) for 307 gold pieces
 18458 | Orc:2    | Bought a potion of resistance for 150 gold pieces
 18458 | Orc:2    | Bought 2 potions of magic for 240 gold pieces
 18458 | Orc:2    | Bought a potion of flight for 45 gold pieces
 18540 | Elf:1    | Entered Level 1 of the Elven Halls
 18830 | Elf:1    | Noticed a deep elf annihilator
 18945 | Elf:1    | Killed a deep elf annihilator
 18979 | Elf:1    | Identified the Volume of Conjuration
 18983 | Elf:1    | Learned a level 1 spell: Summon Butterflies
 19031 | Elf:1    | Found Syraug's Antique Weapon Emporium.
 19052 | Elf:1    | Bought a fine dagger for 210 gold pieces
 19052 | Elf:1    | Identified the +4 dagger of a wizard's laboratory {pierce, +Blink Dex+3} (You bought it in a shop on level 1 of the Elven Halls)
 19127 | Elf:1    | Reached skill level 5 in Stealth
 19586 | Elf:2    | Found a runed gate.
 19586 | Elf:2    | Found a runed gate.
 19586 | Elf:2    | Found a runed gate.
 19818 | Elf:2    | Reached skill level 10 in Stealth
 19873 | Elf:2    | Found a portal to a secret trove of treasure.
 19879 | Elf:2    | Reached skill level 17 in Evocations
 19914 | Elf:2    | Reached XP level 14. HP: 62/70 MP: 23/27
 20225 | Elf:2    | Learned a level 3 spell: Regeneration
 20229 | Elf:2    | Learned a level 3 spell: Spectral Weapon
 20646 | Elf:3    | Entered Level 3 of the Elven Halls
 20913 | Elf:3    | Reached skill level 18 in Evocations
 20962 | Elf:3    | Found a frozen archway.
 20976 | IceCv    | Entered an ice cave
 23149 | IceCv    | Noticed an Ice Fiend
 24072 | IceCv    | Killed an Ice Fiend
 24429 | Elf:3    | Killed from afar by a deep elf mage

Vault maps used:
D:1:      dpeg_arrival_simpleton_c, minmay_strange_pillars, feat_on_display
D:2:      first_ration, eino_curves_01
D:3:      lemuel_crystal_altar, uniq_robin, uniq_crazy_yiuf_cottage,
          uniq_jessica
D:4:      minmay_temple_entry_overgrown, minmay_distorted
D:5:      uniq_ijyb
D:7:      basic_altar
D:8:      grunt_livestock, uniq_erica
D:9:      basic_altar
D:10:     corexii_leaking_fountain, minivault_7
D:11:     lair_entry_dummy, minmay_radiant, uniq_psyche
D:12:     erik_orc_1, basic_altar, xom_confusion_cloud
Temple:   compressed_dpeg_triangle_lava_temple
Orc:1:    basic_altar, uniq_erolcha, uniq_harold
Orc:2:    grunt_orc_tribal_feast
Elf:1:    minmay_elf_arrival_summoners, serial_shops, shop,
          minmay_elf_annihilation
Elf:2:    enter_trove_1
Elf:3:    elf_hall, portal_ice_cave_entry_pillars_three, uniq_nikola
IceCv:    ice_cave_caverns_02

Skill      XL: |  1  2  3  4  5  6  7  8  9 10 11 12 13 14 |
---------------+-------------------------------------------+-----
Fighting       | 1 2 3 4 6 7 |  7.7
Evocations     | 5 6 7 8 9 11 13 14 16 17 18 | 18.5
Dodging        | 4 5 6 7 8 10 11 12 | 12.8
Shields        | 5 8 9 |  9.0
Long Blades    | 10 12 | 12.0
Stealth        | 10 12 | 12.5
Short Blades   | |  1.1

Action                   |  1- 3 |  4- 6 |  7- 9 | 10-12 | 13-15 || total
-------------------------+-------+-------+-------+-------+-------++-------
Melee: Short sword       |    31 |       |       |       |       ||    31
       Quarterstaff      |       |       |    81 |    83 |       ||   164
       Whip              |       |       |    26 |   440 |       ||   466
       Dagger            |       |       |       |   652 |   228 ||   880
       Scimitar          |       |       |       |       |   319 ||   319
 Fire: Hunting sling     |   135 |   216 |   317 |       |       ||   668
       Shortbow          |       |       |   229 |       |       ||   229
Throw: Stone             |       |       |     4 |       |       ||     4
       Throwing net      |       |       |       |       |     1 ||     1
       Tomahawk          |       |       |       |       |     1 ||     1
Invok: Potion Petition   |       |       |     1 |       |     5 ||     6
Evoke: Wand              |       |       |     1 |    44 |   182 ||   227
  Use: Scroll            |       |     8 |       |     3 |    12 ||    23
       Potion            |       |       |     2 |       |     4 ||     6
 Stab: Sleeping          |     1 |       |       |     7 |    12 ||    20
       Paralysed         |       |       |     4 |    15 |     2 ||    21
       Distracted        |       |       |     1 |     1 |     6 ||     8
       Confused          |       |       |       |     5 |     1 ||     6
       Petrified         |       |       |       |     3 |       ||     3
       Invisible         |       |       |       |       |     2 ||     2
  Eat: Ration            |       |       |     4 |     4 |     4 ||    12
Armor: Robe              |     9 |     3 |    40 |   110 |    27 ||   189
Dodge: Dodged            |    67 |    88 |   362 |  1004 |   250 ||  1771
Block: Buckler           |       |       |       |   341 |   113 ||   454
       Rpst.: Scimitar   |       |       |       |       |    30 ||    30

Table legend:
 A = Spawn XP
 B = Non-spawn XP
 C = Spawn XP percentage of total XP
 D = Spawn monster count
 E = Non-spawn monster count
 F = Spawn count percentage of total count
 G = Total turns spent on level
                    A         B        C        D         E        F      G
               +---------+---------+-------+---------+---------+-------+---------
         Total |       0 |   94316 |   0.0 |       0 |     503 |   0.0 | 24429
               +---------+---------+-------+---------+---------+-------+---------
           D:1 |       0 |     163 |   0.0 |       0 |       8 |   0.0 |   706
           D:2 |       0 |      56 |   0.0 |       0 |      18 |   0.0 |   926
           D:3 |       0 |     124 |   0.0 |       0 |      20 |   0.0 |  1019
           D:4 |       0 |     475 |   0.0 |       0 |      21 |   0.0 |  1058
           D:5 |       0 |     939 |   0.0 |       0 |      32 |   0.0 |  1678
           D:6 |       0 |     601 |   0.0 |       0 |      13 |   0.0 |  1191
           D:7 |       0 |    1323 |   0.0 |       0 |      32 |   0.0 |  1974
           D:8 |       0 |    2659 |   0.0 |       0 |      22 |   0.0 |  1233
           D:9 |       0 |    1509 |   0.0 |       0 |      14 |   0.0 |  1054
          D:10 |       0 |    2275 |   0.0 |       0 |      27 |   0.0 |  1209
          D:11 |       0 |    7488 |   0.0 |       0 |      31 |   0.0 |  1754
          D:12 |       0 |    8533 |   0.0 |       0 |      60 |   0.0 |  2158
         Orc:1 |       0 |    3029 |   0.0 |       0 |      26 |   0.0 |  1126
         Orc:2 |       0 |   10943 |   0.0 |       0 |      56 |   0.0 |  1430
         Elf:1 |       0 |   14172 |   0.0 |       0 |      23 |   0.0 |  1053
         Elf:2 |       0 |   23843 |   0.0 |       0 |      36 |   0.0 |  1053
         Elf:3 |       0 |    7600 |   0.0 |       0 |      11 |   0.0 |   424
         IceCv |       0 |    8584 |   0.0 |       0 |      53 |   0.0 |  3359
               +---------+---------+-------+---------+---------+-------+---------
